 Dungeon Crawl Stone Soup version 0.31.0-11-ge490571c62 (webtiles) character file.

Game seed: 11069062995251786203

377 qw the Ducker (level 6, -2/30 HPs)
             Began as a Spriggan Hunter on Feb 4, 2024.
             Incinerated by a bombardier beetle (5 damage)
             ... with a burning spray
             ... on level 4 of the Dungeon.
             The game lasted 00:00:13 (2684 turns).

qw the Ducker (Spriggan Hunter)                     Turns: 2684, Time: 00:00:13

Health: -2/30      AC:  2    Str:  7    XL:     6   Next: 45%
Magic:  7/7        EV: 23    Int: 10    God:
Gold:   166        SH:  0    Dex: 27    Spells: 5/5 levels left

rFire   . . .        j - +0 orcbow
rCold   . . .        (shield currently unavailable)
rNeg    . . .        c - +0 robe
rPois   .            (helmet restricted)
rElec   .            (no cloak)
rCorr   .            (gloves unavailable)
SInv    +            (boots unavailable)
Will    +....        (no amulet)
Stlth   +            f - +6 ring of dexterity
HPRegen 0.25/turn    (no ring)
MPRegen 0.10/turn

%: no passive effects
@: on fire, about to teleport, glowing, very quick
A: very small, no large weapons, unfitting armour, see invisible, speed 3
a: no special abilities


You were on level 4 of the Dungeon.
You visited 1 branch of the dungeon, and saw 4 of its levels.

You collected 166 gold pieces.


Innate Abilities, Weirdness & Mutations

You are very small and have problems with some larger weapons.
You are too small for most types of armour.
You have supernaturally acute eyesight. (SInv)
You cover ground extremely quickly. (Speed+++)


   Skills:
 - Level 2.0 Fighting
 - Level 6.2 Ranged Weapons
 + Level 6.2 Dodging
 - Level 1.5 Stealth


You had 5 spell levels left.
You didn't know any spells.
Your spell library was empty.

Inventory:

Hand Weapons
 j - a +0 orcbow (weapon)
Armour
 c - a +0 robe (worn)
Jewellery
 f - a +6 ring of dexterity (left hand)
Wands
 g - a wand of charming (10)
 k - a wand of quicksilver (9)
Scrolls
 a - a scroll of identify
 b - a scroll of enchant armour
 e - 2 scrolls of teleportation
Potions
 d - a potion of enlightenment
 h - a potion of haste
 i - a potion of lignification {unknown}
 l - 2 potions of curing

Dungeon Overview and Level Annotations

Branches:
Dungeon (4/15)
 Temple: D:4-7

Altars:

Shops:
D:2 [   D:4 :


Message History

You shoot an arrow. The arrow hits the bombardier beetle.
The bombardier beetle is lightly wounded.
The giant cockroach completely misses you.
You shoot an arrow. The arrow hits the bombardier beetle.
The bombardier beetle is heavily wounded.
The giant cockroach completely misses you.
The bombardier beetle completely misses you.
The giant cockroach misses you.
You shoot an arrow.
The arrow hits the bombardier beetle but does no damage.
The bombardier beetle is heavily wounded.
The giant cockroach completely misses you.
The bombardier beetle sprays incendiary fluid at you.
The burning spray hits you.
You are covered in liquid fire!
You shoot an arrow.
The arrow barely misses the bombardier beetle.
The liquid fire burns you! The giant cockroach bites you. x2
You shoot an arrow. The arrow hits the bombardier beetle.
The bombardier beetle is severely wounded.
The liquid fire burns you!
The giant cockroach bites you but does no damage.
The bombardier beetle sprays incendiary fluid at you.
The burning spray hits you.
You are even more covered in liquid fire!
You shoot an arrow.
The arrow barely misses the bombardier beetle.
The liquid fire burns you! The giant cockroach barely misses you.
The bombardier beetle bites you.
The giant cockroach bites you but does no damage.
2683 ||| READING 3 scrolls of teleportation.
As you read the scroll of teleportation, it crumbles to dust.
You feel strangely unstable. The liquid fire burns you!
The giant cockroach misses you.
You shoot an arrow. The arrow hits the bombardier beetle!
You kill the bombardier beetle!
The liquid fire burns you!
You die...

................##.......###.....
.........####..###...............
.............<...................
................##..#..#.........
#########.....%........#.#.......
.................#...............
.........................#.......
...............#...........##+###
...........##...@...>.......
###........#####%B......
..#......... ...%..###
..####...... .......... ..#
#...... ........... ..## #####.
............ ...# .............
...# #............. ...#


You could see a giant cockroach.

Vanquished Creatures
  A black bear (D:4)
  A bombardier beetle (D:4)
  A hound (D:4)
  A jelly (D:2)
  Ijyb (D:3)
  7 gnolls
  2 adders
  3 ribbon worms
  2 dart slugs
  10 orcs (D:3)
  3 bats
  3 endoplasms
  3 giant cockroaches
  12 goblins
  3 hobgoblins
  6 jackals
  7 quokkas
  8 ball pythons
  5 frilled lizards (D:1)
  6 kobolds
  7 rats
92 creatures vanquished.

Notes
Turn   | Place    | Note
-------+----------+-------------------------------------------
     0 | D:1      | qw the Spriggan Hunter began the quest for the Orb.
     0 | D:1      | Reached XP level 1. HP: 10/10 MP: 2/2
     0 | D:1      | 0 ||| qw: Version: 0.3-a-160-g6735b56
     0 | D:1      | 0 ||| qw: Game counter: 5424
     0 | D:1      | 0 ||| qw: Melee chars always use a shield: true
     0 | D:1      | 0 ||| qw: God list: Okawaru
     0 | D:1      | 0 ||| qw: Allow faded altars: false
     0 | D:1      | 0 ||| qw: Do Orc after clearing Dungeon:15 true
     0 | D:1      | 0 ||| qw: Do second Lair branch before Depths: true
     0 | D:1      | 0 ||| qw: Lair rune preference: random
     0 | D:1      | 0 ||| qw: Goals: Normal
     0 | D:1      | 0 ||| PLANNING D:1-11
    51 | D:1      | Reached skill level 3 in Dodging
   103 | D:1      | Reached XP level 2. HP: 14/14 MP: 3/3
   643 | D:1      | 643 ||| READING scroll labelled PISINT ANOE.
   644 | D:1      | 644 ||| READING 7 scrolls labelled HOSA VUIKERO.
   648 | D:1      | 648 ||| READING scroll labelled RUVVUPOECK.
   648 | D:1      | 648 ||| ENCHANTING +0 shortbow.
   649 | D:1      | 649 ||| READING scroll labelled SOTUNEECI.
   750 | D:1      | 750 ||| READING scroll labelled CUPHIKK OHIEGG.
   750 | D:1      | 750 ||| ENCHANTING +1 shortbow.
   751 | D:1      | 751 ||| DROPPING scroll of butterflies.
   827 | D:2      | Reached XP level 3. HP: 11/18 MP: 4/4
   829 | D:2      | HP: 4/18 [acid (6)]
   830 | D:2      | 830 ||| READING 6 scrolls of teleportation.
  1060 | D:2      | Reached XP level 4. HP: 22/22 MP: 5/5
  1204 | D:2      | Found Ixzeajie's Armour Emporium.
  1262 | D:2      | 1262 ||| SHOPLISTING +5 moon troll leather armour {Spirit,
                  | Regen++ MP+5} (773 gold, have 83).
  1286 | D:2      | 1286 ||| DROPPING ring of magical power.
  1287 | D:2      | 1287 ||| READING scroll labelled XOTHRE FIOMUAZ.
  1288 | D:2      | 1288 ||| READING scroll labelled IHAUCU NAOF.
  1289 | D:2      | 1289 ||| READING scroll labelled FECSOS XODIMPO.
  1290 | D:2      | 1290 ||| READING scroll labelled HUREMI GUKILEN.
  1290 | D:2      | 1290 ||| IDENTIFYING fuming grey potion
  1291 | D:2      | 1291 ||| READING scroll labelled PIEGGO EJOSKETH.
  1292 | D:2      | 1292 ||| DROPPING potion of magic.
  1557 | D:3      | HP: 4/23 [gnoll/+0 club (5)]
  1558 | D:3      | 1558 ||| READING 5 scrolls of teleportation.
  1565 | D:3      | HP: 1/23 [goblin/sling bullet (5)]
  1566 | D:3      | 1566 ||| READING 4 scrolls of teleportation.
  1569 | D:3      | 1569 ||| READING 3 scrolls of teleportation.
  1623 | D:3      | 1623 ||| FLEEEEING.
  1624 | D:3      | 1624 ||| FLEEEEING.
  1625 | D:3      | 1625 ||| FLEEEEING.
  1699 | D:3      | 1699 ||| FLEEEEING.
  1700 | D:3      | 1700 ||| FLEEEEING.
  1701 | D:3      | 1701 ||| FLEEEEING.
  1702 | D:3      | 1702 ||| FLEEEEING.
  1704 | D:3      | 1704 ||| FLEEEEING.
  1716 | D:3      | Reached XP level 5. HP: 21/26 MP: 6/6
  1718 | D:3      | 1718 ||| FLEEEEING.
  1719 | D:3      | 1719 ||| FLEEEEING.
  1720 | D:3      | 1720 ||| FLEEEEING.
  1721 | D:3      | 1721 ||| FLEEEEING.
  1722 | D:3      | 1722 ||| FLEEEEING.
  1723 | D:3      | 1723 ||| FLEEEEING.
  1724 | D:3      | 1724 ||| FLEEEEING.
  1725 | D:3      | 1725 ||| FLEEEEING.
  1726 | D:3      | 1726 ||| FLEEEEING.
  2075 | D:3      | 2075 ||| SWAPPING to +0 orcbow.
  2076 | D:3      | 2076 ||| DROPPING +1 shortbow.
  2129 | D:3      | Noticed Ijyb
  2139 | D:3      | Killed Ijyb
  2177 | D:3      | 2177 ||| UPGRADING to +6 ring of dexterity.
  2178 | D:3      | 2178 ||| READING 2 scrolls of identify.
  2178 | D:3      | 2178 ||| IDENTIFYING sedimented red potion
  2179 | D:3      | 2179 ||| READING scroll of identify.
  2179 | D:3      | 2179 ||| IDENTIFYING fuming coppery potion
  2180 | D:3      | 2180 ||| READING scroll labelled QUGATI URGHYOV.
  2181 | D:3      | 2181 ||| READING scroll labelled LUCLUL ROUCUK.
  2182 | D:3      | 2182 ||| READING scroll labelled QEAX HOEPELE.
  2283 | D:3      | 2283 ||| DRINKING 2 brown potions.
  2344 | D:4      | 2344 ||| FLEEEEING.
  2345 | D:4      | 2345 ||| STAIRDANCE
  2517 | D:4      | Identified the +1 leather armour "Oqebu" {Str+6 Dex+3}
  2602 | D:4      | Found Waleirchicof's Book Shoppe.
  2666 | D:4      | Noticed a black bear
  2667 | D:4      | Reached skill level 6 in Dodging
  2667 | D:4      | Reached XP level 6. HP: 30/30 MP: 7/7
  2677 | D:4      | Reached skill level 6 in Ranged Weapons
  2682 | D:4      | HP: 7/30 [burnt (5)]
  2683 | D:4      | 2683 ||| READING 3 scrolls of teleportation.
  2683 | D:4      | HP: 2/30 [burnt (3)]
  2684 | D:4      | Incinerated by a bombardier beetle

Levels and vault maps discovered:
D:1:      nzn_arrival_depleted_hourglass, layout_basic
D:2:      layout_basic, serial_shops, nicolae_shop_waterfront,
          palyth_stone_intersect
D:3:      kennysheep_goblin_castle, layout_basic
D:4:      layout_basic, serial_shops, shop

Skill      XL: |  1  2  3  4  5  6 |
---------------+-------------------+-----
Dodging        | 3 4 5 6 |  6.2
Ranged Weapons | 5 6 |  6.2
Fighting       | 2 |  2.0
Stealth        | |  1.5

Action                     |  1- 3 |  4- 6 || total
---------------------------+-------+-------++-------
   Fire: Shortbow          |    83 |   110 ||   193
         Orcbow            |       |    64 ||    64
    Use: Scroll            |     6 |    14 ||    20
         Potion            |       |     1 ||     1
 Armour: Robe              |     8 |    27 ||    35
  Dodge: Dodged            |    21 |    86 ||   107

Table legend:
 A = Non-vault XP
 B = Vault XP
 C = Vault XP percentage of total XP
 D = Non-vault monster count
 E = Vault monster count
 F = Vault count percentage of total count
                 A         B        C        D         E       F
            +---------+---------+-------+---------+---------+-------
      Total |     527 |      60 |  10.2 |      80 |      12 |  13.0
            +---------+---------+-------+---------+---------+-------
        D:1 |      32 |       0 |   0.0 |      21 |       0 |   0.0
        D:2 |      81 |       0 |   0.0 |      14 |       0 |   0.0
        D:3 |     106 |      60 |  36.1 |      28 |      12 |  30.0
        D:4 |     308 |       0 |   0.0 |      17 |       0 |   0.0
            +---------+---------+-------+---------+---------+-------
